 Dungeon Crawl Stone Soup version 0.18-a0-1507-g69458e0 (webtiles) character file.

44 GrosslyIncandescent the Insei (level 3, -2/29 HPs)
             Began as a Mummy Monk on Mar 5, 2016.
             Killed from afar by Sigmund (13 damage)
             ... with a puff of flame
             ... on level 2 of the Dungeon.
             The game lasted 00:04:10 (2640 turns).

GrosslyIncandescent the Insei (Mummy Monk)          Turns: 2640, Time: 00:04:11

Health: -2/29      AC:  0    Str: 14    XL:     3   Next: 41%
Magic:  3/3        EV: 13    Int:  9    God:
Gold:   128        SH:  0    Dex: 15    Spells: 0 memorised, 2 levels left

rFire  x . .     SeeInvis .       - Unarmed
rCold  + . .     Gourm    .     (no armour)
rNeg   + + +     Faith    .     (no shield)
rPois  ∞         Spirit   .     (no helmet)
rElec  .         Dismiss  .     (no cloak)
rCorr  .         Reflect  .     (no gloves)
SustAt .         Harm     .     (no boots)
MR     .....                    (no amulet)
Stlth  ++........               (no ring)
                                (no ring)

@: not resistant to hostile enchantments, unstealthy
A: no food or potions, fire vulnerability, cold resistance 1, negative energy
resistance 3, torment resistance, unbreathing
a: no special abilities


You were on level 2 of the Dungeon.
You were not hungry.

You visited 1 branch of the dungeon, and saw 2 of its levels.

You collected 128 gold pieces.


Innate Abilities, Weirdness & Mutations

You do not eat or drink.
Your flesh is vulnerable to fire.
You are immune to poison.
Your flesh is cold resistant.
You are immune to negative energy.
You are immune to unholy pain and torment.
You can survive without breathing.


   Skills:
 - Level 3.0 Fighting
 - Level 2.4 Dodging
 - Level 1.5 Stealth
 + Level 4.3 Unarmed Combat


You had 2 spell levels left.
You didn't know any spells.

Inventory:

Armour
 a - a +0 robe
Scrolls
 b - a scroll of remove curse {unknown}
 c - a scroll of recharging {unknown}
 d - a scroll of enchant armour {unknown}
 e - a scroll of teleportation {unknown}

Dungeon Overview and Level Annotations

Branches:
Dungeon (2/15)

Altars:

Annotations:
D:2 exclusion: adder, Sigmund

...▒.▒▒...▒▒.................▒..▒
...▒.....▒.▒▒▒▒▒▒.....▒▒.▒▒......
▒.........▒▒ ▒.....▒▒........▒
▒.▒▒▒▒▒.▒.▒ ▒▒▒▒.....▒▒▒▒▒.▒▒..▒
▒. ▒) ▒........▒ ▒...... ..
▒▒▒.▒......▒ ▒▒▒▒..▒ ▒▒
▒...▒......▒ ▒... ▒.▒.▒....▒.▒
▒▒.▒ ▒▒▒▒.▒w▒M.▒.▒... ▒.(
▒....▒....▒.▒ ▒▒▒ ▒▒▒
▒.▒▒▒▒▒▒▒.....▒ ▒....▒ .......
▒▒▒..▒ ....@....
▒▒▒▒).▒..▒.▒▒.... ▒.......▒ .▒
?... ▒.......▒ .. ▒.. ▒.......▒


You could see Sigmund.


Message History

The worm is severely wounded!
You pummel the worm like a punching bag!
The worm is severely wounded!
You pound the worm into fine dust!
The worm is almost dead!
The worm closely misses you!
You swing at nothing!
You swing at nothing!
You pulverise the worm!
The worm is severely wounded!
The worm bites you!
You swing at nothing!
You pummel the worm like a punching bag!
The worm is almost dead!
You squash the worm like an ant!
The worm is almost dead!
The worm bites you!!! * * * don't die
* * * You swing at nothing!
You barely miss the worm!
The worm is severely wounded!
Sigmund the Dreaded comes into view!
He is wielding a scythe!
You squash the worm like an ant!
The worm is almost dead!
Sigmund shouts!!!
Enter note: fuck!
Unknown command!
Sigmund gestures at you while chanting! The puff of flame hits you!!!
The fire burns you terribly!!! rip

Action                   || total
-------------------------++-------
Melee: Unarmed           ||   179
 Stab: Sleeping          ||     2

Vault maps used:
D:1:      dpeg_arrival_leaves_temple_mockup
D:2:      uniq_sigmund

Notes
Turn   | Place    | Note
--------------------------------------------------------------
     0 | D:1      | GrosslyIncandescent the Mummy Monk began the quest for the Orb.
     0 | D:1      | Reached XP level 1. HP: 18/18 MP: 1/1
   265 | D:1      | Reached XP level 2. HP: 8/24 MP: 2/2
  1349 | D:1      | Reached skill level 4 in Unarmed Combat
  1456 | D:1      | Noticed a crimson imp
  1463 | D:1      | what the fuck is a Cimp doing here
  1850 | D:2      | Reached XP level 3. HP: 20/29 MP: 3/3
  2637 | D:2      | Noticed Sigmund
  2639 | D:2      | fuck.
  2640 | D:2      | Killed from afar by Sigmund

Vanquished Creatures
  An ooze (D:2)
  A worm (D:1)
  A dart slug (D:1)
  A giant gecko (D:2)
  A giant cockroach (D:2)
  4 goblins
  5 hobgoblins
  6 jackals
  3 kobolds
  A quokka (D:2)
  A bat (D:1)
  3 giant newts
  4 rats
32 creatures vanquished.
